 Dungeon Crawl Stone Soup version 0.20.1 (webtiles) character file.

4067 KleinerIrrer the Protected (level 9, -10/78 HPs)
             Began as a Demigod Gladiator on July 2, 2017.
             Mangled by a two-headed ogre
             ... wielding a +0 giant club
              (14 damage)
             ... on level 8 of the Dungeon.
             The game lasted 00:23:37 (11127 turns).

KleinerIrrer the Protected (Demigod Gladiator)     Turns: 11127, Time: 00:23:37

Health: -10/78     AC: 16    Str: 28    XL:     9   Next: 76%
Magic:  11/11      EV: 11    Int: 16    God:
Gold:   311        SH:  0    Dex: 17    Spells: 5/8 levels left

rFire    . . .     SeeInvis +   K - +2 quarterstaff (speed)
rCold    . . .     Gourm    .   (shield currently unavailable)
rNeg     . . .     Faith    .   x - +0 chain mail
rPois    .         Spirit   .   c - +0 helmet
rElec    .         Reflect  .   (no cloak)
rCorr    .         Harm     .   (no gloves)
MR       +....                  r - +2 pair of boots
Stlth    ..........             I - amulet of magic regeneration
Regen    0.3/turn               j - ring of see invisible
MPRegen  0.2/turn               y - ring of Lajog {MR+ Int+4}

@: mighty, drained
A: high mp 1
a: no special abilities


You were on level 8 of the Dungeon.
You were hungry.

You visited 1 branch of the dungeon, and saw 8 of its levels.
You also visited: Ossuary.

You collected 311 gold pieces.

Inventory:

Hand Weapons
 a - a +0 quarterstaff
 n - a +5 whip of electrocution
 E - a +0 dagger of draining
 K - a +2 quarterstaff of speed (weapon)
 L - a +1 dagger of electrocution
Missiles
 d - 5 throwing nets (quivered)
Armour
 c - a +0 helmet (worn)
 q - a +0 plate armour
 r - a +2 pair of boots (worn)
 x - a +0 chain mail (worn)
Jewellery
 j - a ring of see invisible (left hand)
 w - a +3 ring of dexterity
 y - the ring of Lajog (right hand) {MR+ Int+4}
   (You found it on level 5 of the Dungeon)

   [ring of protection from magic]

   It affects your intelligence (+4).
   It affects your resistance to hostile enchantments.
 I - an amulet of magic regeneration (around neck)
 N - an uncursed ring of magical power
 O - an uncursed ring of resist corrosion {unknown}
Wands
 H - a wand of lightning (6/15)
Scrolls
 b - a scroll of holy word {unknown}
 i - a scroll of identify
 k - a scroll of amnesia
 m - 5 scrolls of teleportation
 t - a scroll of remove curse
 u - a scroll of recharging
 A - a scroll of blinking
 B - 2 scrolls of magic mapping
Potions
 e - a potion of agility
 l - 2 potions of cancellation
 o - a potion of brilliance
 s - a potion of resistance
 v - 2 potions of berserk rage
 C - 3 potions of curing
 D - a potion of magic {unknown}
 F - a potion of degeneration {unknown}
 G - a potion of mutation {unknown}
Books
 z - a book of Misfortune

   Spells                             Type                      Level
   a - Confusing Touch                Hexes                        1
   b - Confuse                        Hexes                        3
   c - Gell's Gravitas                Translocation                3
   d - Petrify                        Transmutation/Earth          4
   e - Metabolic Englaciation         Hexes/Ice                    5
   f - Yara's Violent Unravelling     Hexes/Transmutation          5
Comestibles
 f - 11 bread rations
 g - 4 meat rations
 h - 4 royal jellies
 J - 2 fruits


   Skills:
 + Level 6.4(6.1) Fighting
 - Level 0.6(2.9) Maces & Flails
 + Level 4.8(4.7) Staves
 - Level 1.7(1.5) Throwing
 * Level 10.3(10.0) Armour
 + Level 4.5(4.3) Dodging


You had 5 spell levels left.
You knew the following spells:

 Your Spells              Type           Power        Failure   Level  Hunger
a - Gell's Gravitas       Tloc           #.........   97%         3    ####...


Dungeon Overview and Level Annotations

Branches:
Dungeon (8/15)             Temple (0/1) D:5            Lair (0/6) D:8

Shops:
D:6 *


Innate Abilities, Weirdness & Mutations

You have an increased reservoir of magic. (+10% MP)


Message History

You are feeling hungry.
You thump the two-headed ogre!
The two-headed ogre is severely wounded.
You hit the two-headed ogre.
The two-headed ogre is severely wounded.
The two-headed ogre hits you with a giant club!
The two-headed ogre hits you with a giant club.
You hit the two-headed ogre.
The two-headed ogre is severely wounded.
A bullfrog skeleton comes into view.
You sock the two-headed ogre!
The two-headed ogre is almost dead.
The two-headed ogre hits you with a giant club.
* * * LOW HITPOINT WARNING * * *
The two-headed ogre hits you with a giant club!
* * * LOW HITPOINT WARNING * * *
You feel very mighty all of a sudden. The two-headed ogre closely misses you.
The two-headed ogre hits you with a giant club!
You die...

#......# ###...# ##.............#
.......###.....# #..............
..###.......#..## ##.............
.## ##.....###..## #.............
.# ##....# #...# #........#..>#
## #....# ##..####........#..# #
##...# #...###........#..# ####
##....####....##.........#..
...###.......##.@.....#..........
........###....#O....####........
.......## ###.......## ###......
.#......## ##.....#### #.#.....
.........### ##....#..####.##....
.....#.....####.Z....##.#.#.#...#
.....##......##......###.##......
....####.................##.#....
....## ##........#......#........


You could see a two-headed ogre and a bullfrog skeleton.

Vanquished Creatures
  Pikel (D:7)
  Joseph (D:7)
  A spriggan (D:7)
  A wyvern (D:8)
  Menkaure (D:5)
  3 sky beasts
  3 ice beasts
  2 orc warriors (D:7)
  2 phantoms
  An ogre (D:6)
  4 centaurs
  2 bullfrogs
  A gnoll sergeant (D:7)
  2 scorpions
  4 killer bees
  2 wights
  A crimson imp (D:5)
  3 hounds
  2 orc priests (D:8)
  A centaur skeleton (D:7)
  2 jellies (D:7)
  2 bullfrog skeletons (D:8)
  A gnoll shaman (D:5)
  4 iguanas
  8 worker ants
  3 orc wizards
  A hound zombie (D:5)
  4 mummies (Ossuary)
  3 gnolls (D:5)
  A howler monkey skeleton (D:7)
  12 adders
  A shadow imp (D:6)
  3 oozes
  3 worms
  A dart slug (D:1)
  8 leopard geckos
  12 orcs
  8 bats
  6 giant cockroaches
  11 goblins
  5 hobgoblins
  13 jackals
  11 kobolds
  2 quokkas
  2 ball pythons
  6 frilled lizards
  5 gnoll skeletons (Ossuary)
  5 gnoll zombies (Ossuary)
  A goblin skeleton (Ossuary)
  6 goblin zombies
  2 hobgoblin skeletons (Ossuary)
  3 hobgoblin zombies (Ossuary)
  A jackal skeleton (D:8)
  A kobold skeleton (Ossuary)
  4 kobold zombies (Ossuary)
  An orc skeleton (Ossuary)
  A quokka skeleton (D:5)
  6 rats
  2 rat skeletons (Ossuary)
  2 rat zombies
211 creatures vanquished.

Vanquished Creatures (others)
  2 slaves (D:7)
  A bullfrog (D:7)
  2 crimson imps (D:7)
  2 jackals (D:7)
  3 gnoll skeletons (Ossuary)
  A goblin skeleton (Ossuary)
  2 goblin zombies (Ossuary)
  A hobgoblin zombie (Ossuary)
  3 kobold skeletons (Ossuary)
  A kobold zombie (Ossuary)
  2 orc skeletons (Ossuary)
  An orc zombie (Ossuary)
  4 rat skeletons (Ossuary)
  2 rat zombies (Ossuary)
27 creatures vanquished.

Grand Total: 238 creatures vanquished

Notes
Turn   | Place    | Note
-------+----------+-------------------------------------------
     0 | D:1      | KleinerIrrer the Demigod Gladiator began the quest for the Orb.
     0 | D:1      | Reached XP level 1. HP: 17/17 MP: 3/3
   237 | D:1      | Reached XP level 2. HP: 8/24 MP: 4/4
  1236 | D:1      | Reached XP level 3. HP: 27/29 MP: 5/5
  1322 | D:2      | Found a hazy altar of Hepliaklqana.
  1324 | D:2      | Found a burning altar of Makhleb.
  1390 | D:2      | Reached skill level 1 in Armour
  2215 | D:3      | Reached skill level 2 in Armour
  2388 | D:3      | Reached XP level 4. HP: 33/37 MP: 6/6
  3113 | D:4      | Reached skill level 3 in Armour
  3124 | D:4      | Reached XP level 5. HP: 18/44 MP: 7/7
  4121 | D:4      | Reached skill level 4 in Armour
  4121 | D:4      | Reached XP level 6. HP: 41/51 MP: 8/8
  4255 | D:5      | Entered Level 5 of the Dungeon
  4321 | D:5      | Noticed Menkaure
  4352 | D:5      | Killed Menkaure
  4635 | D:5      | Found a staircase to the Ecumenical Temple.
  4760 | D:5      | Reached skill level 5 in Armour
  4858 | D:5      | Found an opulent altar of Gozag.
  4929 | D:5      | Reached XP level 7. HP: 48/58 MP: 9/9
  4988 | D:5      | Got a transparent brass ring
  4989 | D:5      | Identified the ring of Lajog {MR+ Int+4} (You found it on level 5 of the Dungeon)
  5435 | D:5      | Reached skill level 6 in Armour
  6051 | D:6      | Found Ithued's Elemental Accessories.
  6081 | D:6      | Found a sand-covered staircase.
  6136 | Ossuary  | Entered an ossuary
  6598 | D:6      | HP: 2/60 [ogre/giant club (19)]
  6600 | D:6      | Reached skill level 7 in Armour
  6600 | D:6      | Reached XP level 8. HP: 2/67 MP: 10/10
  7337 | D:6      | Reached skill level 5 in Fighting
  7478 | D:7      | Noticed Pikel
  7556 | D:7      | Reached skill level 8 in Armour
  7579 | D:7      | Found a flagged portal.
  7667 | D:7      | HP: 3/68 [poisoned by a killer bee]
  7675 | D:7      | HP: 3/68 [poisoned by a killer bee]
  7772 | D:7      | Killed Pikel
  7772 | D:7      | Reached skill level 9 in Armour
  8351 | D:7      | Found a bloodstained altar of Trog.
  8388 | D:7      | Reached XP level 9. HP: 75/75 MP: 11/11
  8411 | D:7      | Noticed Joseph
  8433 | D:7      | Killed Joseph
  9601 | D:7      | Reached skill level 10 in Armour
 10404 | D:8      | Learned a level 3 spell: Gell's Gravitas
 10461 | D:8      | Found a staircase to the Lair.
 11114 | D:8      | Noticed a two-headed ogre
 11127 | D:8      | Mangled by a two-headed ogre

Skill      XL: |  1  2  3  4  5  6  7  8  9 |
---------------+----------------------------+-----
Fighting       | 2 3 4 5 6 |  6.4
Dodging        | 3 4 |  4.5
Armour         | 2 3 4 5 7 9 10 | 10.3
Staves         | 4 |  4.8
Maces & Flails | |  0.6
Throwing       | |  1.7

Action                   |  1- 3 |  4- 6 |  7- 9 || total
-------------------------+-------+-------+-------++-------
Melee: Quarterstaff      |   185 |   177 |   503 ||   865
       Whip              |       |       |    37 ||    37
  Use: Scroll            |     5 |    11 |     8 ||    24
       Potion            |       |     2 |     8 ||    10
 Stab: Sleeping          |     1 |       |       ||     1
  Eat: Chunk             |     5 |     6 |    13 ||    24
       Bread ration      |       |     1 |     1 ||     2
Armor: Plate armour      |   120 |    13 |       ||   133
       Leather armour    |     6 |       |       ||     6
       Chain mail        |       |    81 |   297 ||   378
Dodge: Dodged            |   113 |    93 |   303 ||   509
